 Seeded DCSS version 0.30.1-4-g462c640d31 (webtiles) character file.

Game seed: 6351066067085065685 (custom seed)

3957 Esekla the Thaumaturge (level 10, -2/50 HPs)
             Began as a Deep Elf Necromancer on Sept 3, 2023.
             Was an Elder of Vehumet.
             Slain by an orc warrior
             ... wielding a +0 long sword
             ... led by an orc knight
              (19 damage)
             ... on level 10 of the Dungeon.
             The game lasted 00:35:16 (5610 turns).

Esekla the Thaumaturge (Deep Elf Necromancer)       Turns: 5610, Time: 00:35:17

Health: -2/50      AC:  4    Str:  5    XL:     10   Next: 2%
Magic:  27/27      EV: 15    Int: 25    God:    Vehumet [****..]
Gold:   403        SH:  0    Dex: 15    Spells: 15/31 levels left

rFire   . . .        a - +2 dagger (vamp)
rCold   . . .        (no shield)
rNeg    . . .        j - +0 robe
rPois   .            h - +0 helmet
rElec   .            (no cloak)
rCorr   .            c - +0 pair of gloves
SInv    .            (no boots)
Will    +....        x - amulet of magic regeneration
Stlth   +++          (no ring)
HPRegen 0.28/turn    (no ring)
MPRegen 0.60/turn

%: no passive effects
@: no status effects
A: no striking features
a: Renounce Religion


You were on level 10 of the Dungeon.
You worshipped Vehumet.
Vehumet was greatly pleased with you.
You visited 2 branches of the dungeon, and saw 9 of its levels.

You collected 403 gold pieces.

Inventory:

Hand Weapons
 a - a +2 vampiric dagger (weapon)
 r - a +0 trident
 s - the +5 rapier of the Hero {heavy, rN+ Dex+3}
   (You found it on level 3 of the Dungeon)

   Dex:       It affects your dexterity (+3).
   rN:        It protects you from negative energy.
Missiles
 v - 35 poisoned darts (quivered)
 C - a throwing net
 H - 2 boomerangs
Armour
 c - a +0 pair of gloves (worn)
 h - a +0 helmet (worn)
 j - a +0 robe (worn)
Jewellery
 x - an amulet of magic regeneration (around neck)
 J - an amulet of reflection
Wands
 p - a wand of roots (21)
 B - a wand of flame (15)
 F - a wand of charming (6)
Scrolls
 f - 9 scrolls of identify {unknown}
 l - a scroll of enchant armour {unknown}
 m - 2 scrolls of amnesia {unknown}
 n - a scroll of immolation {unknown}
 o - 2 scrolls of fog {unknown}
 q - 2 scrolls of blinking {unknown}
 w - 4 scrolls of enchant weapon {unknown}
 y - 2 scrolls of fear
 A - a scroll of magic mapping {unknown}
 D - a scroll of summoning {unknown}
 E - a scroll of silence {unknown}
 G - a scroll of torment {unknown}
 I - a scroll of teleportation {unknown}
Potions
 b - a potion of magic
 d - 3 potions of ambrosia {unknown}
 e - 6 potions of curing
 g - a potion of heal wounds
 i - a potion of mutation {unknown}
 k - 3 potions of attraction {unknown}
 t - 3 potions of brilliance {unknown}
 u - a potion of haste {unknown}
 z - a potion of lignification {unknown}


   Skills:
 + Level 2.9 Short Blades
 + Level 1.1 Throwing
 * Level 6.6 Dodging
 + Level 4.2 Stealth
 * Level 11.2 Spellcasting
 * Level 4.3 Conjurations
 * Level 9.2 Necromancy
 * Level 4.2 Translocations
 * Level 4.0 Ice Magic


You had 15 spell levels left.
You knew the following spells:

 Your Spells              Type           Power      Damage    Failure   Level
a - Magic Dart            Conj           100%       1d8       1%          1
b - Sandblast             Erth           28%        2d8       1%          1
c - Necrotise             Necr           100%       1d9       1%          1
d - Vampiric Draining     Necr           57%        2d10      1%          3
e - Fulminant Prism       Conj/Hex       12%        3d9       5%          4
r - Frozen Ramparts       Ice            68%        1d11      1%          3
t - Teleport Other        Tloc           35%        N/A       2%          3

Your spell library contained the following spells:

 Spells                   Type           Power      Damage    Failure   Level
 Lesser Beckoning         Tloc           70%        N/A       1%          2
 Animate Dead             Necr           57%        N/A       1%          4
 Gell's Gravitas          Tloc           35%        N/A       2%          3
 Agony                    Necr           57%        N/A       2%          5
 Spider Form              Tmut/Pois      14%        N/A       13%         3
 Cause Fear               Hex            7%         N/A       41%         4
 Summon Mana Viper        Hex/Summ       14%        N/A       77%         5


Dungeon Overview and Level Annotations

Branches:
Dungeon (10/15)            Temple (0/1) D:6             Orc (1/2) D:10
   Lair: D:8-11

Altars:
Dithmenos
Fedhas
Hepliaklqana
Okawaru
Qazlal
Ru
Trog
Vehumet
Zin
The Shining One

Shops:
D:2 =   D:4 (


Message History

Aiming: Vampiric Draining (safe; 1% risk of failure)
Press: ? - help, Shift-Dir - straight line, f/p - orc warrior
Aim: an orc warrior, wielding a +0 glaive and wearing a +0 plate armour (heavily wounded)
You draw life force from the orc warrior!
You feel life coursing into your body.
The wall freezes the orc warrior.
The orc warrior hits you with a +0 glaive!
Casting: Vampiric Draining (safe; 1% risk of failure)
Confirm with . or Enter, or press ? or * to list all spells.
Aiming: Vampiric Draining (safe; 1% risk of failure)
Press: ? - help, Shift-Dir - straight line, f/p - orc warrior
Aim: an orc warrior, wielding a +0 glaive and wearing a +0 plate armour (almost dead)
You draw life force from the orc warrior!
You kill the orc warrior!
Vehumet accepts your kill.
You feel life coursing into your body.
Your Ice Magic skill increases to level 4!
You have reached level 10!
The frozen ramparts melt away as you move.
Things that are here:
a +0 glaive; a +0 plate armour; an orc corpse You start resting.
Magic restored.
You start resting.
HP restored.
There is a staircase to the Orcish Mines, spattered with blood here.
You climb downwards.
Welcome back to the Orcish Mines!
The orc warrior throws a boomerang.
The boomerang barely misses you.
The orc warrior hits you with a +0 long sword!
The orc knight roars a battlecry!
The orcs go into a battle-frenzy!
The troll shouts!
The orc shouts!
There is a staircase back to the Dungeon, spattered with blood here.
The orc warrior throws a boomerang.
The boomerang barely misses you.
The orc warrior hits you with a +0 long sword!
The orc knight hits you with a +0 war axe!
You climb upwards.
Welcome back to the Dungeon!
There is a staircase to the Orcish Mines, spattered with blood here.
The orc warrior hits you with a +0 long sword!
The orc warrior hits you with a +0 long sword!!
You die...

### #.# ###########@#
#.........o.# #.#########o#
#.# #####'## #.# #......# #.#
#......############### #.#
#......#.............# #.#
#......#.............#
#.#####......#.............รท


You could see an orc knight and an orc warrior (strong).

Vanquished Creatures
  Pikel (D:6)
  A troll (D:10)
  8 yaks (D:10)
  An ice beast (D:6)
  A sky beast (D:6)
  2 orc warriors (D:10)
  2 black bears
  An ogre (D:5)
  A centaur (D:10)
  2 kobold brigands
  2 scorpions (D:5)
  8 killer bees (D:10)
  2 howler monkeys (D:10)
  A gnoll bouda (D:4)
  2 orc priests (D:10)
  5 hounds
  A jelly (D:6)
  A sleepcap (D:5)
  4 iguanas
  An orc wizard (D:10)
  12 gnolls
  9 adders
  2 white imps
  A worm (D:4)
  3 dart slugs
  13 orcs
  4 endoplasms
  8 goblins
  5 hobgoblins
  A quokka (D:1)
  6 ball pythons
  4 bats
  4 frilled lizards
  19 kobolds
  A rat (D:2)
139 creatures vanquished.

Notes
Turn   | Place    | Note
-------+----------+-------------------------------------------
     0 | D:1      | Esekla the Deep Elf Necromancer began the quest for the
                  | Orb.
     0 | D:1      | Reached XP level 1. HP: 10/10 MP: 6/6
   298 | D:4      | Found a radiant altar of Vehumet.
   309 | D:4      | Found an iron altar of Okawaru.
   320 | D:4      | Found a glowing silver altar of Zin.
   403 | D:4      | Became a worshipper of Vehumet
   532 | D:3      | Reached skill level 5 in Necromancy
   568 | D:3      | Reached XP level 2. HP: 11/15 MP: 8/8
   839 | D:3      | Identified the +5 rapier of the Hero {heavy, rN+ Dex+3}
   855 | D:2      | Found Renulab's Jewellery Shop.
  1100 | D:2      | Reached XP level 3. HP: 19/19 MP: 9/9
  1104 | D:2      | Learned a level 3 spell: Vampiric Draining
  1111 | D:2      | Noticed a black bear
  1179 | D:1      | Reached * piety under Vehumet
  1179 | D:1      | Offered knowledge of Sandblast by Vehumet.
  1182 | D:1      | Learned a level 1 spell: Sandblast
  1209 | D:1      | Reached skill level 1 in Short Blades
  1343 | D:1      | Learned a level 3 spell: Teleport Other
  1645 | D:2      | Reached XP level 4. HP: 23/24 MP: 7/11
  1819 | D:2      | Found a faded altar of an unknown god.
  1851 | D:2      | Killed a black bear
  1852 | D:2      | Reached skill level 4 in Spellcasting
  1852 | D:2      | Reached skill level 1 in Translocations
  1852 | D:2      | Reached XP level 5. HP: 23/28 MP: 6/13
  2325 | D:3      | Found a stormy altar of Qazlal.
  2328 | D:3      | Found a hazy altar of Hepliaklqana.
  2328 | D:3      | Found a bloodstained altar of Trog.
  2504 | D:4      | Found Ponaysk's Antique Weapon Boutique.
  2618 | D:5      | Entered Level 5 of the Dungeon
  2627 | D:5      | Reached XP level 6. HP: 32/32 MP: 14/14
  2639 | D:5      | Offered knowledge of Magic Dart by Vehumet.
  2642 | D:5      | Learned a level 1 spell: Magic Dart
  2674 | D:5      | Found a shadowy altar of Dithmenos.
  2707 | D:5      | Reached ** piety under Vehumet
  2759 | D:5      | Reached skill level 1 in Conjurations
  2860 | D:5      | Reached skill level 5 in Spellcasting
  2974 | D:5      | Reached skill level 6 in Spellcasting
  2974 | D:5      | Reached XP level 7. HP: 13/36 MP: 10/18
  3191 | D:5      | Got the Parchment of the Lumpy Olives
  3461 | D:6      | Reached skill level 5 in Dodging
  3493 | D:4      | Found a glowing golden altar of the Shining One.
  3516 | D:4      | Offered knowledge of Frozen Ramparts by Vehumet.
  3521 | D:4      | Learned a level 3 spell: Frozen Ramparts
  3650 | D:4      | Reached skill level 7 in Spellcasting
  3657 | D:4      | Reached *** piety under Vehumet
  4045 | D:6      | Reached skill level 1 in Ice Magic
  4045 | D:6      | Reached XP level 8. HP: 37/41 MP: 14/21
  4073 | D:6      | Noticed Pikel
  4084 | D:6      | Killed Pikel
  4085 | D:6      | Reached skill level 1 in Throwing
  4085 | D:6      | Reached skill level 8 in Spellcasting
  4110 | D:6      | Found a staircase to the Ecumenical Temple.
  4227 | D:6      | Found a blossoming altar of Fedhas.
  4357 | D:6      | Reached skill level 9 in Spellcasting
  4412 | D:7      | You fall into a shaft and drop 3 floors!
  4412 | D:10     | Entered Level 10 of the Dungeon
  4509 | D:10     | Reached XP level 9. HP: 39/45 MP: 21/24
  4539 | D:10     | Offered knowledge of Fulminant Prism by Vehumet.
  4780 | D:10     | Learned a level 4 spell: Fulminant Prism
  4811 | D:10     | Noticed a troll
  4819 | D:10     | Killed a troll
  4825 | D:10     | Reached skill level 10 in Spellcasting
  4946 | D:10     | Reached skill level 11 in Spellcasting
  5042 | D:10     | Noticed a gargoyle
  5100 | D:10     | Found a staircase to the Orcish Mines.
  5168 | D:10     | Found a sacrificial altar of Ru.
  5339 | D:10     | Reached **** piety under Vehumet
  5517 | Orc:1    | Entered Level 1 of the Orcish Mines
  5519 | Orc:1    | Noticed an orc knight
  5520 | Orc:1    | Noticed a troll
  5534 | D:10     | Reached XP level 10. HP: 30/50 MP: 18/27
  5610 | D:10     | Slain by an orc warrior

Illustrated notes

Levels and vault maps discovered:
D:1:      sevenhm_arrival_forest_fort_small_3, layout_rooms,
          chequers_serial_rivers_room_b, minmay_misc_feat_five
D:2:      layout_loops_ring, dreamdust_ecumenical_altar_angels_and_demons,
          serial_shops, shop
D:3:      layout_basic, grunt_temple_overflow_open, minmay_misc_feat_iff
D:4:      layout_basic, nicolae_overflow_quartered_altars, serial_shops,
          nicolae_diamond_shop
D:5:      layout_loops_ring, lemuel_doored_altar, minmay_misc_feat_rows,
          dreamdust_wishing_well
D:6:      layout_loops_cross, fedhas_altar_fruit_tree,
          minmay_temple_entry_glass, uniq_pikel, uniq_blork_the_orc
D:7:      layout_basic, uniq_menkaure, uniq_joseph, uniq_crazy_yiuf_cottage
D:10:     layout_basic, nicolae_ru_awakened_eye
Orc:1:    layout_caves

Skill      XL: |  1  2  3  4  5  6  7  8  9 |
---------------+----------------------------+-----
Necromancy     | 5 6 7 9 |  9.2
Short Blades   | 1 2 |  2.9
Dodging        | 3 4 5 6 |  6.6
Stealth        | 3 4 |  4.2
Spellcasting   | 4 6 7 9 11 | 11.2
Translocations | 1 2 3 4 |  4.2
Conjurations   | 1 2 3 4 |  4.3
Ice Magic      | 1 2 4 |  4.0
Throwing       | 1 |  1.1

Action                     |  1- 3 |  4- 6 |  7- 9 | 10-12 || total
---------------------------+-------+-------+-------+-------++-------
  Melee: Short sword       |    91 |    78 |   101 |       ||   270
         Unarmed           |     9 |       |       |       ||     9
         Punch             |     2 |       |     4 |       ||     6
         Dagger            |       |       |   116 |       ||   116
         Rapier            |       |       |     2 |       ||     2
  Throw: Dart              |       |     1 |    24 |       ||    25
   Cast: Vampiric Draining |     6 |    16 |    70 |       ||    92
         Frozen Ramparts   |       |       |    15 |       ||    15
         Teleport Other    |       |       |     1 |       ||     1
    Use: Scroll            |     1 |       |       |       ||     1
         Potion            |       |       |     2 |       ||     2
   Stab: Sleeping          |     7 |     5 |     5 |       ||    17
 Armour: Robe              |    24 |    16 |    39 |       ||    79
  Dodge: Dodged            |    60 |    53 |   184 |     2 ||   299
